 Dungeon Crawl Stone Soup version 0.27.1-3-gb3d3a73c9e (webtiles) character file.

Game seed: 7644500912755884504

1991 styxcanada the Covert (level 9, -1/45 HPs)
             Began as a Spriggan Brigand on Oct 26, 2021.
             Killed by divine providence
             ... invoked by an orc priest
              (10 damage)
             ... on level 6 of the Dungeon.
             The game lasted 00:32:07 (10107 turns).

styxcanada the Covert (Spriggan Brigand)           Turns: 10107, Time: 00:32:08

Health: -1/45      AC:  3    Str:  7    XL:     9   Next: 1%
Magic:  10/10      EV: 22    Int: 12    God:
Gold:   282        SH:  5    Dex: 20    Spells: 8/8 levels left

rFire    . . .     SeeInvis +   a - +3 dagger
rCold    . . .     Faith    .   (shield restricted)
rNeg     . . .     Spirit   .   b - +0 robe
rPois    .         Reflect  +   (helmet restricted)
rElec    .         Harm     .   c - +0 cloak
rCorr    .         Rampage  .   (gloves unavailable)
Will     +....                  (boots unavailable)
Stlth    +++++.....             D - amulet of reflection
HPRegen  0.15/turn              j - ring of wizardry
MPRegen  0.12/turn              (no ring)

@: very quick
A: very small, no large weapons, unfitting armour, see invisible, speed 3
a: no special abilities


You were on level 6 of the Dungeon.
You visited 2 branches of the dungeon, and saw 7 of its levels.
You also visited: Ossuary.

You collected 282 gold pieces.

Inventory:

Hand Weapons
 a - a +3 dagger (weapon)
 h - a +0 hunting sling
 m - a +2 quarterstaff of chaos
 q - a +1 flail of venom
Missiles
 g - 163 stones
 k - 17 sling bullets
 p - 2 curare-tipped darts
 r - 21 poisoned darts (quivered)
 t - 3 boomerangs
Armour
 b - a +0 robe (worn)
 c - a +0 cloak (worn)
Jewellery
 j - a ring of wizardry (left hand)
 D - an amulet of reflection (around neck)
Wands
 e - a wand of flame (17)
 A - a wand of charming (4)
 C - a wand of polymorph (10)
Scrolls
 d - a scroll of immolation
 u - 2 scrolls of teleportation
 y - a scroll of magic mapping
 B - 2 scrolls of fog
 E - a scroll of enchant weapon
Potions
 f - 4 potions of heal wounds
 i - 3 potions of mutation
 l - a potion of resistance
 n - 3 potions of flight
 o - 2 potions of berserk rage
 s - a potion of ambrosia {unknown}
 v - 3 potions of might
 w - a potion of cancellation {unknown}
 x - 2 potions of curing {unknown}
 z - 2 potions of attraction {unknown}


   Skills:
 + Level 3.8 Fighting
 + Level 4.6 Short Blades
 + Level 4.1(4.8) Slings
 + Level 2.9(3.7) Throwing
 * Level 7.1 Dodging
 * Level 11.5 Stealth
 * Level 0.2 Shields
 * Level 4.4 Evocations


You had 8 spell levels left.
You didn't know any spells.
Your spell library contained the following spells:

 Spells                   Type           Power      Damage    Failure   Level
 Gell's Gravitas          Tloc           0%         N/A       36%         3
 Teleport Other           Tloc           0%         N/A       36%         3
 Dispersal                Tloc           0%         N/A       100%        6


Dungeon Overview and Level Annotations

Branches:
Dungeon (6/15)             Temple (1/1) D:6         Ossuary (visited)

Altars:
Ashenzari
Cheibriados
Dithmenos
Elyvilon
Makhleb
Nemelex Xobeh
Okawaru
Qazlal
Ru
Sif Muna
Trog
Uskayaw
Vehumet
Xom
The Shining One

Shops:
D:2 !


Innate Abilities, Weirdness & Mutations

You are very small and have problems with some larger weapons.
You are too small for most types of armour.
You have supernaturally acute eyesight. (SInv)
You cover ground extremely quickly. (Speed+++)


Message History

Beogh smites you!
* * * LOW HITPOINT WARNING * * *
Found 7 gold pieces.
You now have 282 gold pieces (gained 7).
You start resting.
An orc warrior is nearby!
r - 22 poisoned darts (gained 1)
r - 23 poisoned darts (gained 1)
You start resting.
An orc is nearby!
Aiming: Charm
Press: ? - help, Shift-Dir - straight line, f - orc
Aim: an orc, wielding a +0 club and wearing a +0 leather armour (wandering, hasn't noticed you, chance to affect: 75%)
The orc struggles to resist.
Aiming: Charm
Press: ? - help, Shift-Dir - straight line, f/p - orc
Aim: an orc, wielding a +0 club and wearing a +0 leather armour (chance to affect: 75%)
The orc is charmed.
Your orc barely misses something.
Something hits your orc.
You strike the helpless orc warrior from behind!
You impale the orc warrior!!
You kill the orc warrior!
You have reached level 9!
Your experience leads to an increase in your attributes!
Increase (S)trength, (I)ntelligence, or (D)exterity?
You feel agile.
Throw: 23 darts (poison)
Press: ? - help, Q - select action, (/) - cycle Shift-Dir - straight line, f - orc priest
Aim: an orc priest, wielding a +0 flail and wearing a +0 leather armour (wandering, hasn't noticed you, 64% to hit)
You throw a poisoned dart. The poisoned dart hits the orc priest.
The orc priest is poisoned.
The orc priest miscasts a cantrip.
Throw: 22 darts (poison)
Press: ? - help, Q - select action, (/) - cycle Shift-Dir - straight line, f/p - orc priest
Aim: an orc priest, wielding a +0 flail and wearing a +0 leather armour (poisoned, 64% to hit)
You throw a poisoned dart.
The poisoned dart barely misses the orc priest.
The orc priest mumbles some strange prayers to Beogh against you.
Beogh smites you!
You die...

#..# #.............†......
#..# #.......#............
#..# #.......#............
#..###.......#######'#+#+#
#... +...................#
#..# #...................#
#..###.......#######.#....
#....o...)...#.......#...#
##.######@#..#######.#...#
######.######.#..#######.#...#
#...........)...........†....#
######.########...............
#.# #.................. #.#
#.##..#######o##..# #o#
#.##....o...o.....#
#.#####.##..#######.##..#
#...........(............


You could see an orc priest (poisoned).

Vanquished Creatures
  Grinder (D:6)
  Menkaure (Ossuary)
  2 ice beasts (D:5)
  2 orc warriors
  2 sky beasts (D:6)
  3 centaurs
  A phantom (D:5)
  A water moccasin skeleton (D:5)
  2 jellies (D:4)
  A howler monkey (D:4)
  A centaur zombie (D:5)
  Crazy Yiuf (D:3)
  A gnoll shaman (D:6)
  A bullfrog skeleton (D:5)
  2 hounds
  A scorpion zombie (D:5)
  5 iguanas
  A killer bee zombie (D:6)
  A hound skeleton (D:4)
  3 mummies (Ossuary)
  8 adders
  4 river rats (D:5)
  2 shadow imps
  An adder zombie (D:5)
  2 worms
  7 orcs
  3 endoplasms
  4 giant cockroaches
  6 gnoll zombies (Ossuary)
  8 hobgoblins
  2 jackals (D:2)
  6 quokkas
  6 ball pythons
  3 bats (D:1)
  2 frilled lizards
  4 gnoll skeletons (Ossuary)
  5 goblins
  5 goblin skeletons (Ossuary)
  4 goblin zombies (Ossuary)
  2 hobgoblin skeletons (Ossuary)
  5 hobgoblin zombies (Ossuary)
  4 kobold skeletons (Ossuary)
  4 kobold zombies (Ossuary)
  6 orc skeletons (Ossuary)
  5 orc zombies (Ossuary)
  5 rats
  4 rat skeletons (Ossuary)
  A rat zombie (Ossuary)
151 creatures vanquished.

Vanquished Creatures (collateral kills)
  4 gnolls (D:6)
4 creatures vanquished.

Vanquished Creatures (others)
  An orc wizard (D:6)
  A gnoll (D:6)
  An orc (D:6)
  11 plants (D:4)
14 creatures vanquished.

Grand Total: 169 creatures vanquished

Notes
Turn   | Place    | Note
-------+----------+-------------------------------------------
     0 | D:1      | styxcanada the Spriggan Brigand began the quest for the
                  | Orb.
     0 | D:1      | Reached XP level 1. HP: 10/10 MP: 2/2
    63 | D:1      | Reached skill level 6 in Stealth
   158 | D:1      | Reached XP level 2. HP: 15/15 MP: 3/3
  1159 | D:2      | Found Afies's Distillery.
  1258 | D:2      | You fall into a shaft and drop 1 floor!
  1283 | D:3      | Reached XP level 3. HP: 18/18 MP: 4/4
  1345 | D:3      | Reached skill level 7 in Stealth
  1652 | D:2      | Reached XP level 4. HP: 23/23 MP: 5/5
  2618 | D:2      | Found a faded altar of an unknown god.
  2842 | D:3      | Found a runed translucent door.
  2843 | D:3      | Noticed Crazy Yiuf
  2861 | D:3      | Killed Crazy Yiuf
  3148 | D:3      | Reached XP level 5. HP: 24/26 MP: 6/6
  3748 | D:4      | Reached skill level 8 in Stealth
  4711 | D:4      | Reached XP level 6. HP: 6/31 MP: 7/7
  5133 | D:4      | Noticed an orc warrior
  5230 | D:4      | Killed an orc warrior
  5231 | D:4      | Reached skill level 1 in Slings
  5231 | D:4      | Reached skill level 1 in Evocations
  6081 | D:5      | Entered Level 5 of the Dungeon
  6102 | D:5      | Noticed an ice beast
  6106 | D:5      | Killed an ice beast
  6107 | D:5      | Reached XP level 7. HP: 35/35 MP: 8/8
  6108 | D:5      | Found a sand-covered staircase.
  6117 | Ossuary  | Entered an ossuary
  6406 | Ossuary  | Reached skill level 9 in Stealth
  6861 | Ossuary  | Noticed Menkaure
  6874 | Ossuary  | Killed Menkaure
  7897 | D:5      | Reached skill level 5 in Dodging
  8014 | D:5      | Reached XP level 8. HP: 34/40 MP: 9/9
  8026 | D:5      | Reached skill level 10 in Stealth
  8347 | D:5      | HP: 2/40 [iguana (8)]
  9611 | D:6      | Found a white marble altar of Elyvilon.
  9611 | D:6      | Found an iron altar of Okawaru.
  9719 | D:6      | Found a staircase to the Ecumenical Temple.
  9734 | Temple   | Entered the Ecumenical Temple
  9918 | D:6      | Reached skill level 11 in Stealth
  9936 | D:6      | Noticed Grinder
  9941 | D:6      | Killed Grinder
 10039 | D:6      | HP: 1/42 [orc priest/divine providence (13)]
 10106 | D:6      | Reached XP level 9. HP: 9/45 MP: 10/10
 10107 | D:6      | Killed from afar by an orc priest

Illustrated notes

Levels and vault maps discovered:
D:1:      ebering_trefoil_twist, layout_basic, serial_corexii_hall,
          chequers_hall_statues_y, corexii_hall_statues_l
D:2:      layout_basic, serial_shops,
          nicolae_shop_temple_entry_statues_fountains,
          hellmonk_ecumenical_altar_crossroads
D:3:      wad_lake_hut, layout_basic, uniq_crazy_yiuf_cottage
D:4:      layout_gridville, grunt_ministairs_15, serial_bayou_lagoon_b
D:5:      layout_basic, lightli_ossuary_entry_decrepit_ruins,
          portal_sewer_entry_e
D:6:      layout_basic, mainiacjoe_overflow_divided_tiny,
          minmay_temple_entry_slanted, uniq_grinder
Temple:   cyrus_circular_temple

Skill      XL: |  1  2  3  4  5  6  7  8 |
---------------+-------------------------+-----
Stealth        | 6 7 8 9 11 | 11.5
Dodging        | 2 3 4 5 7 |  7.1
Fighting       | 2 3 |  3.8
Short Blades   | 3 4 |  4.6
Slings         | 2 3 4 |  4.1
Evocations     | 1 3 4 |  4.4
Throwing       | |  2.9
Shields        | |  0.2

Action                   |  1- 3 |  4- 6 |  7- 9 || total
-------------------------+-------+-------+-------++-------
Melee: Dagger            |    84 |   148 |   365 ||   597
 Fire: Hunting sling     |       |    48 |    84 ||   132
Throw: Dart              |    14 |    30 |    13 ||    57
       Stone             |       |     5 |     2 ||     7
Evoke: Wand              |       |     1 |    20 ||    21
  Use: Scroll            |     4 |     8 |     5 ||    17
 Stab: Sleeping          |    11 |     6 |    26 ||    43
       Distracted        |       |     1 |     4 ||     5
Armor: Robe              |     9 |    23 |    31 ||    63
Dodge: Dodged            |    58 |   112 |   233 ||   403
Block: Other             |       |       |     3 ||     3
